 Dungeon Crawl Stone Soup version 0.28.0-45-g0d030f2227 (console) character file.

Game seed: 11660982093703584573

17824 erker the Severer (level 12, -1/110 (112) HPs)
             Began as a Deep Dwarf Monk on Apr 2, 2022.
             Was a High Priest of Makhleb.
             Slain by an orc knight
             ... wielding a +3 vorpal broad axe
              (3 damage)
             ... on level 2 of the Orcish Mines.
             The game lasted 01:20:41 (10079 turns).

erker the Severer (Deep Dwarf Monk)                Turns: 10079, Time: 01:20:41

HP:   -1/110 (112)  AC: 11    Str: 20    XL:     12   Next: 22%
MP:   4/4           EV: 19    Int: 11    God:    Makhleb [*****.]
Gold: 864           SH:  7    Dex: 26    Spells: 11/11 levels left

rFire   . . .      SeeInvis .   a - +3 war axe (spect)
rCold   . . .      Faith    .   p - +0 buckler
rNeg    . . .      Spirit   .   e - +0 steam dragon scales
rPois   +          Reflect  .   w - +0 helmet
rElec   .          Harm     .   (no cloak)
rCorr   .          Rampage  .   U - +0 pair of gloves
Will    +....                   J - +1 pair of boots
Stlth   +++.......              X - amulet of magic regeneration
HPRegen 0.00/turn               g - ring "Nilifeuxt" {+Blink rPois Dex+5}
MPRegen 0.49/turn               P - +6 ring of dexterity

@: lightly drained
A: damage resistance, heal wounds, sense surroundings 2, no regeneration
a: Heal Wounds, Renounce Religion, Evoke Blink, Minor Destruction, Lesser
Servant of Makhleb, Major Destruction, Greater Servant of Makhleb


You were on level 2 of the Orcish Mines.
You worshipped Makhleb.
Makhleb was extremely pleased with you.
You visited 4 branches of the dungeon, and saw 14 of its levels.
You also visited: Ossuary.

You collected 960 gold pieces.
You spent 96 gold pieces at shops.

Inventory:

Hand Weapons
 a - a +3 spectral war axe (weapon)
 b - a +0 hunting sling
 l - a +0 battleaxe of holy wrath
 S - a +1 whip of electrocution
 Z - a +0 hand axe of venom
Missiles
 f - 35 poisoned darts
 j - 139 stones
 n - 13 javelins
 t - 3 throwing nets
 W - a curare-tipped dart (quivered)
Armour
 e - +0 steam dragon scales (worn)
 p - a +0 buckler (worn)
 s - a +2 robe of resistance
 w - a +0 helmet (worn)
 J - a +1 pair of boots (worn)
 U - a +0 pair of gloves (worn)
Jewellery
 g - the ring "Nilifeuxt" (left hand) {+Blink rPois Dex+5}
   (You found it on level 2 of the Dungeon)

   [ring of poison resistance]

   Dex:       It affects your dexterity (+5).
   rPois:     It protects you from poison.
   +Blink:    It lets you blink.
 M - a ring of protection from cold
 O - a ring of resist corrosion
 P - a +6 ring of dexterity (right hand)
 X - an amulet of magic regeneration (around neck)
Wands
 r - a wand of polymorph (16)
 Q - a wand of iceblast (5)
 R - a wand of digging (12)
Scrolls
 c - 5 scrolls of amnesia
 d - 4 scrolls of noise
 h - 4 scrolls of teleportation
 k - a scroll of fear {unknown}
 u - 2 scrolls of immolation {unknown}
 v - 4 scrolls of enchant weapon {unknown}
 y - 4 scrolls of vulnerability {unknown}
 C - a scroll of torment {unknown}
 G - 2 scrolls of fog {unknown}
 H - 2 scrolls of blinking {unknown}
 L - 2 scrolls of magic mapping {unknown}
 N - 3 scrolls of enchant armour {unknown}
 Y - 2 scrolls of silence {unknown}
Potions
 i - a potion of lignification {unknown}
 o - 7 potions of curing
 q - 4 potions of magic
 x - 2 potions of heal wounds
 z - 3 potions of ambrosia
 A - 3 potions of attraction
 B - a potion of flight {unknown}
 D - 3 potions of brilliance
 F - 2 potions of resistance {unknown}
 I - a potion of degeneration {unknown}
 T - a potion of might {unknown}


   Skills:
 + Level 8.5 Fighting
 + Level 15.0 Axes
 * Level 1.6 Throwing
 + Level 7.5 Armour
 + Level 8.5 Dodging
 - Level 2.4 Stealth
 * Level 5.5 Shields
 - Level 6.0 Evocations


You had 11 spell levels left.
You didn't know any spells.
Your spell library contained the following spells:

 Spells                   Type           Power      Damage    Failure   Level
 Animate Skeleton         Necr           0%         N/A       41%         1
 Pain                     Necr           0%         1d4       41%         1
 Corpse Rot               Necr/Air       0%         N/A       56%         2
 Conjure Flame            Conj/Fire      0%         6-21      80%         3
 Ignite Poison            Fire/Tmut/Pois 0%         N/A       80%         3
 Vampiric Draining        Necr           0%         2d6       80%         3
 Dispel Undead            Necr           0%         3d6       99%         4
 Leda's Liquefaction      Hex/Erth       0%         N/A       99%         4
 Sticky Flame             Conj/Fire      0%         2d3       99%         4
 Fireball                 Conj/Fire      0%         3d3       100%        5
 Lee's Rapid Deconstruct  Erth           0%         3d5*      100%        5
 Death Channel            Necr           0%         N/A       100%        6
 Dispersal                Tloc           0%         N/A       100%        6
 Starburst                Conj/Fire      0%         6d3       100%        6
 Statue Form              Tmut/Erth      0%         N/A       100%        6
 Disjunction              Tloc           0%         N/A       100%        8
 Ignition                 Fire           0%         3d3       100%        8


Dungeon Overview and Level Annotations

Branches:
Dungeon (10/15)            Temple (1/1) D:5            Lair (1/6) D:8
    Orc (2/2) D:9             Elf (0/3) Orc:2       Ossuary (visited)

Altars:
Ashenzari
Cheibriados
Elyvilon
Fedhas
Gozag
Hepliaklqana
Kikubaaqudgha
Makhleb
Nemelex Xobeh
Okawaru
Qazlal
Ru
Sif Muna
Trog
Uskayaw
Vehumet
Wu Jian
Xom
Yredelemnul
The Shining One
Beogh

Shops:
D:10 *

Annotations:
D:3 3 runed translucent doors, SHADDY's ghost, weakling DECj
D:4 1 exclusion
D:10 Snorg


Innate Abilities, Weirdness & Mutations

You are resistant to damage.
You can heal yourself by infusing magical energy.
You passively map the area around you.
You do not regenerate.


Message History

The orc knight roars a battlecry!
The orc knight goes into a battle-frenzy!
You hear a shout!
Aiming: Iceblast
Press: ? - help, Shift-Dir - straight line The mass of ice explodes!
The iceblast engulfs the orc knight.
The orc knight is lightly wounded.
The iceblast engulfs the orc knight!!
The orc knight is moderately wounded.
Press: ? - help, v - describe, . - travel
Here: an orc knight, wielding a +3 vorpal broad axe and wearing a +0 plate armour (lightly wounded)
The floor.
Aiming: Iceblast
Press: ? - help, Shift-Dir - straight line The mass of ice explodes!
Aiming: Iceblast
Press: ? - help, Shift-Dir - straight line, f - orc knight
Aim: an orc knight, wielding a +3 vorpal broad axe and wearing a +0 plate armour (lightly wounded)
The mass of ice explodes!
The iceblast engulfs the orc knight!
The orc knight is moderately wounded.
The iceblast engulfs the orc knight!!
The orc knight is heavily wounded.
Aiming: Iceblast
Press: ? - help, Shift-Dir - straight line, f/p - orc knight
Aim: an orc knight, wielding a +3 vorpal broad axe and wearing a +0 plate armour (moderately wounded)
The mass of ice explodes!
The iceblast engulfs the orc knight!!
The orc knight is heavily wounded.
The iceblast engulfs the orc knight!
The orc knight is severely wounded.
The orc knight no longer looks unusually strong.
You completely miss the orc knight.
The orc knight is heavily wounded.
Your +3 spectral war axe hits the orc knight! x2
The orc knight hits your +3 spectral war axe with a +2 long sword of holy wrath!!
Your spectral weapon shares its damage with you!
Your +3 spectral war axe fades away.
* * * LOW HITPOINT WARNING * * *
The orc knight hits you with a +3 vorpal broad axe!!
* * * LOW HITPOINT WARNING * * *
You die...

.............)...........#.##
............................#
..........o.................##
..............[..............#
........................#.#..##
.........o..............##....##
..................#.....#......#
######........oo...#...........#
# #.........ยง@........)))..##
#,, ,#.........................#
# #........................## #
#.........................# .
.........................# # + *
.................#.)...## , *
..................).).## , ,,, ,
..................))..# , ,
#.....................)..##


You could see 2 orc knights, an orc warrior (strong) and an orc.

Vanquished Creatures
  An orc warlord (Orc:1)
  Harold (Lair:1)
  A two-headed ogre (Orc:2)
  4 orc knights (Orc:2)
  2 orc sorcerers (Orc:1)
  2 komodo dragons (Lair:1)
  A troll (Orc:2)
  Grinder (D:4)
  A shadow (D:9)
  29 yaks
  4 wyverns (D:8)
  Grum (D:8)
  5 steam dragons
  6 wargs
  10 water moccasins
  14 orc warriors
  2 necrophages (D:7)
  2 ice beasts (D:6)
  5 centaurs
  2 wolves (D:8)
  3 ogres
  2 phantoms
  2 kobold brigands
  A bullfrog (D:9)
  An elf zombie (Ossuary)
  A gnoll sergeant (D:9)
  3 scorpions
  A jelly (D:6)
  4 howler monkeys (D:7)
  4 wights (D:8)
  An electric eel (Lair:1)
  A bullfrog zombie (D:6)
  3 centaur zombies
  A human zombie (Ossuary)
  7 orc priests
  A hound (D:9)
  2 gnoll shamans (D:7)
  A bullfrog skeleton (D:6)
  3 iguanas
  15 orc wizards
  3 killer bee zombies
  A hound skeleton (D:5)
  4 mummies
  Robin (D:3)
  15 gnolls
  8 adders
  A shadow imp (D:7)
  7 adder zombies (Ossuary)
  2 adder skeletons (D:4)
  2 worms
  3 dart slugs
  44 orcs
  5 ball pythons
  5 endoplasms
  2 giant cockroaches (D:1)
  10 goblins
  11 hobgoblins
  2 jackals (D:2)
  13 kobolds
  5 quokkas
  7 bats
  A gnoll zombie (Ossuary)
  2 goblin zombies (Ossuary)
  2 hobgoblin zombies (Ossuary)
  4 jackal zombies (Ossuary)
  2 kobold zombies (Ossuary)
  4 orc zombies (Ossuary)
  4 quokka zombies (Ossuary)
  4 rats
  7 rat zombies (Ossuary)
332 creatures vanquished.

Vanquished Creatures (others)
  2 bushes (D:8)
  4 fungi
  43 plants
49 creatures vanquished.

Grand Total: 381 creatures vanquished

Notes
Turn   | Place    | Note
-------+----------+-------------------------------------------
     0 | D:1      | erker the Deep Dwarf Monk began the quest for the Orb.
     0 | D:1      | Reached XP level 1. HP: 20/20 MP: 1/1
   181 | D:1      | Reached XP level 2. HP: 27/27 MP: 2/2
   241 | D:1      | Found a faded altar of an unknown god.
   368 | D:1      | Reached skill level 4 in Axes
   377 | D:1      | Reached XP level 3. HP: 17/34 MP: 3/3
   559 | D:2      | Identified the ring "Nilifeuxt" {+Blink rPois Dex+5}
  1359 | D:3      | Reached XP level 4. HP: 27/42 MP: 3/3
  1496 | D:3      | Found a runed translucent gate.
  1497 | D:3      | Found a runed translucent gate.
  1497 | D:3      | Noticed SHADDY's ghost (weakling DECj)
  1497 | D:3      | Identified the +6 short sword of Mutilation {protect, rElec
                  | rC++ Int-5 Stlth+}
  1497 | D:3      | Identified the +1 ring mail of Duck's Teeth {rC+ Will+}
  1498 | D:3      | Found a runed translucent gate.
  1533 | D:3      | Noticed Robin
  1586 | D:3      | HP: 2/42 [Robin/+0 trident (6)]
  1596 | D:3      | Killed Robin
  1597 | D:3      | Reached skill level 1 in Armour
  2127 | D:4      | Noticed Grinder
  2238 | D:4      | Killed Grinder
  2239 | D:4      | Reached skill level 5 in Axes
  2239 | D:4      | Reached XP level 5. HP: 45/49 MP: 4/4
  2239 | D:4      | Reached XP level 6. HP: 52/56 MP: 5/5
  2317 | D:4      | Found a sand-covered staircase.
  2326 | Ossuary  | Entered an ossuary
  2440 | Ossuary  | Reached skill level 6 in Axes
  2714 | Ossuary  | Reached XP level 7. HP: 36/63 MP: 6/6
  3255 | D:5      | Entered Level 5 of the Dungeon
  3298 | D:5      | Found a staircase to the Ecumenical Temple.
  3307 | Temple   | Entered the Ecumenical Temple
  3437 | D:5      | Reached skill level 5 in Dodging
  3448 | D:5      | Reached XP level 8. HP: 42/73 MP: 7/7
  3575 | D:5      | Identified the +2 leather armour "Hiuch" {Str-5 Int+7 SInv
                  | Stlth-}
  4058 | D:6      | Found a white marble altar of Elyvilon.
  4073 | D:6      | Reached skill level 5 in Fighting
  4211 | D:6      | Reached skill level 7 in Axes
  4401 | D:6      | Reached skill level 5 in Armour
  4933 | D:7      | Found a radiant altar of Vehumet.
  5010 | D:7      | Gained mutation: You passively map the area around you.
                  | [Deep Dwarf growth]
  5010 | D:7      | Reached XP level 9. HP: 27/82 MP: 6/6
  5810 | D:7      | Reached skill level 8 in Axes
  5859 | D:7      | Found a hide-covered altar of Uskayaw.
  6261 | D:8      | Found a blossoming altar of Fedhas.
  6482 | D:8      | Found an ornate altar of the Wu Jian Council.
  6660 | D:8      | Noticed Grum
  6769 | D:8      | Reached skill level 5 in Evocations
  6837 | D:8      | Reached skill level 9 in Axes
  6898 | D:8      | Killed Grum
  6914 | D:8      | Reached XP level 10. HP: 43/92 MP: 7/7
  7003 | D:7      | Found a burning altar of Makhleb.
  7011 | D:7      | Became a worshipper of Makhleb the Destroyer
  7011 | D:7      | Reached * piety under Makhleb
  7011 | D:7      | Reached ** piety under Makhleb
  7185 | D:8      | Reached skill level 10 in Axes
  7196 | D:8      | Found a staircase to the Lair.
  7611 | D:9      | Found a staircase to the Orcish Mines.
  8005 | D:9      | Reached skill level 11 in Axes
  8140 | D:9      | Found a shimmering blue altar of Sif Muna.
  8198 | D:9      | Found a shimmering altar of Xom.
  8268 | D:10     | Entered Level 10 of the Dungeon
  8268 | D:10     | Found Qehies's General Store.
  8285 | D:10     | Bought a potion of ambrosia for 96 gold pieces
  8306 | D:10     | Noticed Snorg
  8397 | D:9      | Reached *** piety under Makhleb
  8441 | Lair:1   | Entered Level 1 of the Lair of Beasts
  8502 | Lair:1   | Reached skill level 12 in Axes
  8502 | Lair:1   | Reached skill level 1 in Shields
  8590 | Lair:1   | Reached XP level 11. HP: 52/100 MP: 3/3
  8831 | Lair:1   | Reached skill level 13 in Axes
  8919 | Lair:1   | Noticed a six-headed hydra
  8949 | Lair:1   | Noticed Harold
  8986 | Lair:1   | Killed Harold
  9080 | Orc:1    | Entered Level 1 of the Orcish Mines
  9189 | Orc:1    | Noticed an orc sorcerer
  9191 | Orc:1    | Noticed an orc warlord
  9197 | Orc:1    | Noticed an orc sorcerer
  9200 | Orc:1    | Killed an orc sorcerer
  9203 | Orc:1    | Killed an orc sorcerer
  9204 | Orc:1    | Reached skill level 14 in Axes
  9213 | Orc:1    | Reached **** piety under Makhleb
  9215 | Orc:1    | Killed an orc warlord
  9338 | Orc:2    | Entered Level 2 of the Orcish Mines
  9492 | Orc:2    | Found a staircase to the Elven Halls.
  9587 | Orc:2    | Noticed an orc knight
  9618 | Orc:2    | Killed an orc knight
  9669 | Orc:2    | Noticed a two-headed ogre
  9755 | Orc:2    | Killed a two-headed ogre
  9756 | Orc:2    | Reached skill level 5 in Shields
  9756 | Orc:2    | Reached XP level 12. HP: 64/111 MP: 4/4
  9945 | Orc:2    | Reached skill level 1 in Throwing
  9975 | Orc:2    | Reached ***** piety under Makhleb
 10063 | Orc:2    | Reached skill level 15 in Axes
 10079 | Orc:2    | HP: 2/110 [orc knight/+3 vorpal broad axe (22)]
 10079 | Orc:2    | Slain by an orc knight

Illustrated notes

Levels and vault maps discovered:
D:1:      dpeg_arrival_rhombus, layout_basic,
          shapermc_ecumenical_altar_mp_highgroup, columned_hall_lemuel
D:2:      layout_rooms
D:3:      layout_loops_corners, biasface_ghost_orc_armoury, uniq_robin
D:4:      layout_rooms, gup_ossuary_entry_pyramid, uniq_grinder
D:5:      layout_rooms, minmay_temple_entry_ruins, kennysheep_cross_room
D:6:      layout_gridville, lemuel_doored_altar
D:7:      layout_loops_ring, nicolae_overflow_crystal_walls,
          nicolae_overflow_hidden_temple, gammafunk_temple_overflow_statue,
          hangedman_decor_push
D:8:      layout_loops_corners, mainiacjoe_overflow_catwalk,
          nzn_wu_jian_council_hall, minmay_lair_entry_grove, uniq_grum
D:9:      layout_rooms, old_standard_altar, mainiacjoe_overflow_brackets,
          item_on_display_a
D:10:     minmay_general_purpose_star, layout_layer_cave,
          grunt_dithmenos_smoke_and_mirrors, serial_shops,
          nicolae_stop_n_shop_1, nicolae_diamond_shop, uniq_snorg, uniq_nergalle
Temple:   nicolae_temple_hex_pool
Lair:1:   layout_cave_pods, grunt_megastairs_3, serial_bayou_shore_a,
          uniq_harold
Orc:1:    layout_caves
Orc:2:    st_orc_town, layout_caves, nooodl_orcs_dogs

Skill      XL: |  1  2  3  4  5  6  7  8  9 10 11 12 |
---------------+-------------------------------------+-----
Fighting       | 3 4 5 6 7 8 |  8.5
Axes           | 4 5 6 7 9 12 14 15 | 15.0
Dodging        | 4 5 6 7 8 |  8.5
Armour         | 2 3 4 6 7 |  7.5
Evocations     | 2 4 5 6 |  6.0
Shields        | 1 5 |  5.5
Throwing       | 1 |  1.6
Stealth        | |  2.4

Action                   |  1- 3 |  4- 6 |  7- 9 | 10-12 || total
-------------------------+-------+-------+-------+-------++-------
Melee: Hand axe          |    92 |     5 |       |       ||    97
       Punch             |     4 |     2 |     2 |       ||     8
       Whip              |    21 |   164 |   279 |       ||   464
       Battleaxe         |    17 |       |     9 |       ||    26
       Flail             |       |       |    14 |       ||    14
       War axe           |       |       |    78 |   423 ||   501
 Fire: Hunting sling     |     7 |    46 |     9 |       ||    62
Throw: Dart              |       |     1 |     8 |     9 ||    18
       Javelin           |       |       |    15 |       ||    15
       Throwing net      |       |       |       |     1 ||     1
 Abil: Heal Wounds       |     1 |     2 |    11 |     8 ||    22
       Evoke Blink       |       |       |       |     1 ||     1
Evoke: Wand              |       |       |       |    14 ||    14
  Use: Scroll            |       |       |     7 |     6 ||    13
       Potion            |       |       |       |     3 ||     3
 Stab: Sleeping          |     5 |     3 |     3 |     5 ||    16
       Held in net/web   |       |       |       |     2 ||     2
       Distracted        |       |       |       |     3 ||     3
Armor: Leather armour    |    39 |    27 |     7 |       ||    73
       Robe              |     5 |       |       |       ||     5
       Skin              |       |     5 |    18 |       ||    23
       Ring mail         |       |       |    96 |    21 ||   117
       Steam dragon scal |       |       |       |    39 ||    39
Dodge: Dodged            |    99 |    87 |   227 |   217 ||   630
Block: Buckler           |       |       |       |    40 ||    40
